cohdb
Replays
Latest Replays
All Replays
Popular Replays
Top Player Replays
Match Explorer
How It Works
Community
CoH3 Stats
Reddit
Sign in to upload your games and track your stats! →
Sign in with Steam
Match 42180002
Unlisted
Match 42180002
Overview
Messages
Build Orders
End
Scout Squad
Construct Barracks
Selects Heavy Weapons
Riflemen Squad
M1 Mortar Team
Construct Weapon Support Center
Construct Medical Station
M1919 Machine Gun Team
Scout Squad
Selects M2HB .50cal Heavy Machine Gun
M1919 Machine Gun Team
Selects Assault Carriers
Bazooka Squad
Grenade Package
Mechanized Support Center
Improved M9 Bazooka Rockets
Selects Exchangeable Parts
Riflemen Squad
M3 Assault Carrier
Designate Forward Repair Station
M3 Assault Carrier
Selects Rapid Reposition
M1918 Browning Automatic Rifles
M3 Assault Carrier
Riflemen Squad
Selects Black Dragon Artillery Barrage
M3 Assault Carrier
Construct Tank Depot
Designate Forward Repair Station
Scout Squad
XavRS
Prowley
Saueee
Razarak
0
0
Comments
sign in to comment!
No comments posted yet!